 Dungeon Crawl Stone Soup version 0.23.2-1-ga50397a (webtiles) character file.

Game seed: 8809791405623197263

2025 MajorAdolf the Sneak (level 9, -2/79 HPs)
             Began as a Naga Wanderer on Apr 21, 2019.
             Slain by a wight
             ... wielding a +0 battleaxe
              (12 damage)
             ... on level 6 of the Dungeon.
             The game lasted 00:28:47 (7312 turns).

MajorAdolf the Sneak (Naga Wanderer)                Turns: 7312, Time: 00:28:48

Health: -2/79      AC:  6    Str: 17    XL:     9   Next: 23%
Magic:  9/9        EV:  9    Int: 12    God:
Gold:   260        SH:  6    Dex: 12    Spells: 4/8 levels left

rFire    . . .     SeeInvis +   x - +2 war axe
rCold    . . .     Gourm    .   (no shield)
rNeg     . . .     Faith    .   n - +2 robe {Archmagi}
rPois    +         Spirit   .   (no helmet)
rElec    .         Reflect  +   (no cloak)
rCorr    .         Harm     .   (no gloves)
MR       +....                  (no barding)
Stlth    +++.......             k - +6 amulet of reflection
HPRegen  0.23/turn              t - ring of flight
MPRegen  0.11/turn              (no ring)

@: lightly drained, very slow
A: large, see invisible, deformed body, poison resistance, slowness 2, slow
metabolism 1, spit poison 1, AC +3
a: Spit Poison, Evoke Flight


You were on level 6 of the Dungeon.
You were very hungry.

You visited 1 branch of the dungeon, and saw 7 of its levels.

You collected 260 gold pieces.

Inventory:

Hand Weapons
 a - a +2 mace
 f - a +0 dagger
 l - a +0 battleaxe
 r - a +0 hand axe
 x - a +2 war axe (weapon)
Missiles
 v - a throwing net (quivered)
Armour
 n - a +2 robe of the Archmagi (worn)
Magical Staves
 o - an uncursed staff of energy
 A - an uncursed staff of death
Jewellery
 k - a +6 amulet of reflection (around neck)
 m - an uncursed amulet of magic regeneration
 t - a ring of flight (left hand)
 y - an uncursed ring of fire
Wands
 i - a wand of paralysis (10)
 B - a wand of iceblast (9)
 G - a wand of disintegration (8)
Scrolls
 e - 6 scrolls of identify
 h - 6 scrolls of remove curse
 w - a scroll of enchant armour
 E - a scroll of vulnerability {unknown}
Potions
 j - a potion of magic
 p - 2 potions of degeneration {unknown}
 q - 3 potions of flight
 s - 2 potions of brilliance {unknown}
 u - a potion of mutation {unknown}
 z - a potion of haste {unknown}
 F - a potion of berserk rage {unknown}
Comestibles
 d - 9 rations


   Skills:
 - Level 4.4(4.0) Fighting
 - Level 3.0(2.9) Axes
 - Level 2.0(2.3) Maces & Flails
 - Level 1.7(1.3) Throwing
 - Level 2.4(1.9) Armour
 - Level 7.9(7.4) Stealth
 + Level 6.5(6.0) Summonings
 + Level 6.6(6.0) Air Magic


You had 4 spell levels left.
You knew the following spells:

 Your Spells              Type           Power        Failure   Level  Hunger
a - Summon Lightning Spi  Summ/Air       ###.....     28%         4    #####..

Your spell library contained the following spells:

 Spells                   Type           Power        Failure   Level  Hunger
 Summon Small Mammal      Summ           ###.         2%          1    ##.....
 Call Imp                 Summ           ###.....     4%          2    ###....
 Call Canine Familiar     Summ           ###.....     9%          3    ####...
 Summon Guardian Golem    Hex/Summ       ##......     28%         3    ####...
 Beastly Appendage        Tmut           #.....       32%         1    ##.....
 Sticks to Snakes         Tmut           #.......     45%         2    ###....
 Summon Ice Beast         Ice/Summ       ##......     67%         4    #####..
 Spider Form              Tmut/Pois      #.........   69%         3    ####...
 Ice Form                 Ice/Tmut       #.......     97%         4    #####..
 Blade Hands              Tmut           #.........   100%        5    ######.


Dungeon Overview and Level Annotations

Branches:
Dungeon (7/15)             Temple (0/1) D:6

Altars:
Elyvilon
Fedhas
Hepliaklqana
Makhleb
Nemelex Xobeh
Sif Muna
Vehumet
Xom
Zin

Shops:
D:4 %


Innate Abilities, Weirdness & Mutations

You cannot wear boots.
Your serpentine skin is tough. (AC +3)
You have supernaturally acute eyesight. (SInv)
Armour fits poorly on your strangely shaped body.
Your system is resistant to poisons. (rPois)
You cover ground very slowly.
You have a slow metabolism.
You can spit poison.


Message History

The wight hits you with a +0 mace!
Unknown command.
You slash the wight!
You destroy the wight!
You barely miss the wight. You hit the worker ant.
You kill the worker ant!
The wight hits you with a +0 battleaxe.
* * * LOW HITPOINT WARNING * * *
A jackal comes into view.
The wight hits you with a +0 battleaxe!
* * * LOW HITPOINT WARNING * * *
The jackal barks!
Things that are here:
a +0 mace; a +0 robe Unknown command.
Okay, then.
You slash the wight!
The wight is heavily damaged.
The wight hits you with a +0 battleaxe!
You die...

*,,,,,,,,,,,,,,,,*
*,.......,,,,,,,,,
#.............,,,*
#.......,.....,,,*
#.....###.....****
##..h.........* *
#.............* *
#.............*
#@z...........*
#.†...........***
####...#......,,*
#......#,...z.,,*
#....z##**#...,,**
#.......,,,,Z.,,,,
#####.....,,,.,,,,
***#.......,,,*,*
**,,........,,,,,,


You could see a wight and a jackal.

Vanquished Creatures
  Pikel (D:6)
  2 water moccasins (D:7)
  A phantom (D:7)
  An ogre (D:4)
  Blork the orc (D:3)
  A bullfrog (D:7)
  A wyvern skeleton (D:7)
  A scorpion (D:4)
  A wight (D:6)
  2 howler monkeys (D:4)
  2 crimson imps (D:5)
  3 hounds
  3 orc priests
  A bullfrog skeleton (D:5)
  A centaur skeleton (D:7)
  An orc wizard (D:6)
  2 iguanas
  8 worker ants
  9 gnolls
  6 adders
  2 howler monkey skeletons (D:4)
  2 oozes
  A worm (D:2)
  A dart slug (D:2)
  7 leopard geckos
  12 orcs
  2 bats
  2 giant cockroaches (D:1)
  5 goblins
  5 hobgoblins
  3 quokkas
  A ball python skeleton (D:5)
  8 frilled lizards
  7 kobolds
  3 rats
109 creatures vanquished.

Vanquished Creatures (others)
  3 slaves (D:6)
  A centaur (D:6)
  2 orc wizards (D:6)
  An iguana (D:6)
  3 jackals (D:6)
10 creatures vanquished.

Grand Total: 119 creatures vanquished

Notes
Turn   | Place    | Note
-------+----------+-------------------------------------------
     0 | D:1      | MajorAdolf the Naga Wanderer began the quest for the Orb.
     0 | D:1      | MajorAdolf set off with the following items: a +2 mace, a
                  | +0 ring mail, a potion of curing, a ration
     0 | D:1      | Reached XP level 1. HP: 21/21 MP: 1/1
   177 | D:1      | Reached skill level 1 in Stealth
   189 | D:1      | Reached skill level 2 in Stealth
   335 | D:1      | Reached XP level 2. HP: 15/28 MP: 2/2
   769 | D:1      | Reached skill level 3 in Stealth
   907 | D:1      | You fall through a shaft!
  1040 | D:1      | Reached skill level 4 in Stealth
  1044 | D:1      | Reached XP level 3. HP: 34/34 MP: 3/3
  1828 | D:2      | Reached skill level 5 in Stealth
  2346 | D:3      | Reached XP level 4. HP: 42/42 MP: 4/4
  2450 | D:3      | Reached skill level 6 in Stealth
  2724 | D:3      | Found a blossoming altar of Fedhas.
  2949 | D:3      | Found a glowing silver altar of Zin.
  2985 | D:4      | Reached skill level 7 in Stealth
  3040 | D:4      | Reached XP level 5. HP: 42/49 MP: 5/5
  3051 | D:4      | Noticed Blork the orc
  3301 | D:3      | Killed Blork the orc
  3301 | D:3      | Reached skill level 1 in Axes
  3301 | D:3      | Reached XP level 6. HP: 37/56 MP: 6/6
  3667 | D:4      | Reached XP level 7. HP: 28/66 MP: 7/7
  3856 | D:4      | Learned a level 4 spell: Summon Lightning Spire
  3951 | D:4      | Found a radiant altar of Vehumet.
  3998 | D:4      | Found a burning altar of Makhleb.
  4092 | D:4      | Found a hazy altar of Hepliaklqana.
  4093 | D:4      | Found a shimmering altar of Xom.
  4093 | D:4      | Noticed a torpor snail
  4094 | D:4      | Noticed a spectral ugly thing
  4094 | D:4      | Noticed a torpor snail
  4157 | D:4      | Found Ytruax Juda's Food Shop.
  4215 | D:5      | Entered Level 5 of the Dungeon
  4234 | D:5      | Reached skill level 1 in Summonings
  4234 | D:5      | Reached skill level 1 in Air Magic
  4354 | D:5      | Found a white marble altar of Elyvilon.
  4355 | D:5      | Found a deep blue altar of Sif Muna.
  4356 | D:5      | Found a sparkling altar of Nemelex Xobeh.
  5099 | D:7      | Reached XP level 8. HP: 8/73 MP: 8/8
  5900 | D:7      | Reached skill level 5 in Air Magic
  6298 | D:5      | Reached skill level 5 in Summonings
  6914 | D:6      | Noticed Pikel
  6930 | D:6      | Killed Pikel
  6930 | D:6      | Reached XP level 9. HP: 56/79 MP: 9/9
  7019 | D:6      | Found a staircase to the Ecumenical Temple.
  7312 | D:6      | Slain by a wight

Skill      XL: |  1  2  3  4  5  6  7  8 |
---------------+-------------------------+-----
Stealth        | 2 4 5 7 |  7.9
Axes           | 1 3 |  3.0
Fighting       | 4 |  4.4
Summonings     | 3 6 |  6.5
Air Magic      | 3 6 |  6.6
Maces & Flails | |  2.0
Throwing       | |  1.7
Armour         | |  2.4

Action                   |  1- 3 |  4- 6 |  7- 9 || total
-------------------------+-------+-------+-------++-------
Melee: Mace              |    40 |    44 |       ||    84
       War axe           |       |    33 |   226 ||   259
 Abil: Spit Poison       |    35 |    28 |    33 ||    96
  Use: Scroll            |       |    14 |     6 ||    20
       Potion            |       |     2 |     3 ||     5
 Stab: Sleeping          |       |       |     1 ||     1
  Eat: Chunk             |     5 |     5 |    10 ||    20
Armor: Skin              |     1 |     5 |       ||     6
       Robe              |       |     8 |    70 ||    78
Dodge: Dodged            |    13 |    38 |   125 ||   176
Block: Other             |       |    13 |    82 ||    95
       Reflection        |       |       |     1 ||     1
